 Dungeon Crawl Stone Soup version 0.25.1-8-g42b30a86e7 (webtiles) character file.

Game seed: 9362905542627208750

22433 Gabide the Spear-Bearer (level 13, -2/153 HPs)
             Began as a Human Abyssal Knight on Dec 4, 2020.
             Was the Champion of Lugonu.
             Slain by a vault guard
             ... wielding a +0 bardiche
              (23 damage)
             ... on level 13 of the Dungeon.
             The game lasted 00:36:52 (15063 turns).

Gabide the Spear-Bearer (Human Abyssal Knight)     Turns: 15063, Time: 00:36:53

Health: -2/153     AC: 26    Str: 18    XL:     13   Next: 27%
Magic:  16/16      EV:  2    Int: 14    God:    Lugonu [******]
Gold:   756        SH:  5    Dex: 13    Spells: 12/12 levels left

rFire    . . .     SeeInvis +   B - +3 trident (freeze)
rCold    . . .     Gourm    .   o - +0 buckler of Knowledge {-Tele Int+2 Slay+3} (curse)
rNeg     + + +     Faith    .   (armour currently unavailable)
rPois    +         Spirit   .   (helmet currently unavailable)
rElec    .         Reflect  .   (cloak currently unavailable)
rCorr    .         Harm     .   (gloves currently unavailable)
MR       +....     NoTele   +   (boots currently unavailable)
Stlth    +.........             (no amulet)
HPRegen  0.35/turn              k - ring of see invisible
MPRegen  0.15/turn              p - ring of protection from magic

@: tree-form
A: no striking features
a: Depart the Abyss, Bend Space, Banish, Corrupt, Enter the Abyss, Brand Weapon
With Distortion, Renounce Religion


You were on level 13 of the Dungeon.
You worshipped Lugonu.
Lugonu was exalted by your worship.
You were not hungry.
You were a tree.
You visited 1 branch of the dungeon, and saw 13 of its levels.
You visited the Abyss 1 time.

You collected 756 gold pieces.

Inventory:

Hand Weapons
 h - a +5 battleaxe
 w - the +2 long sword "Deh Myox" {chaos, *Slow rC+ MR+ Int+5, unknown}
   (You found it on level 13 of the Dungeon)

   Each time it hits an enemy it has a different, random effect.
   It affects your intelligence (+5).
   It protects you from cold.
   It affects your resistance to hostile enchantments.
   It may slow you when you take damage.
 B - a +3 trident of freezing (weapon)
 D - a +4 halberd of freezing
Missiles
 e - 36 poisoned darts (quivered)
 m - 18 boomerangs
 n - 4 curare-tipped darts
Armour
 f - a +3 ring mail of cold resistance (melded)
 g - a +2 pair of boots (melded)
 o - the cursed +0 buckler of Knowledge (worn) {-Tele Int+2 Slay+3}
   (You found it on level 9 of the Dungeon)

   It affects your intelligence (+2).
   It affects your accuracy and damage with ranged weapons and melee attacks
   (+3).
   It prevents most forms of teleportation.
   It has a curse placed upon it.
 r - a scarf of invisibility
 s - a +0 plate armour
 y - a +0 cloak (melded)
 A - a +0 helmet (melded)
 K - a +2 pair of gloves (melded)
Jewellery
 k - a ring of see invisible (left branch)
 p - a ring of protection from magic (right branch)
Wands
 j - a wand of polymorph (15)
 u - a wand of paralysis (11)
 x - a wand of flame (43)
 G - a wand of disintegration (15)
 J - a wand of iceblast (5)
Scrolls
 b - 10 scrolls of teleportation
 i - 2 scrolls of remove curse
 l - a scroll of fear
 C - 4 scrolls of amnesia
 E - 2 scrolls of fog
 I - 2 scrolls of magic mapping
Potions
 a - a potion of brilliance
 d - 2 potions of flight
 q - 2 potions of invisibility
 t - a potion of magic
 v - a potion of lignification
 z - a potion of cancellation
 F - 2 potions of mutation
 H - a potion of ambrosia {unknown}
 M - a potion of degeneration {unknown}
Comestibles
 c - 23 rations
 L - 6 chunks of flesh


   Skills:
 + Level 9.7 Fighting
 - Level 5.2(10.5) Axes
   Level 1.6(3.6) Maces & Flails
 + Level 13.7(14.0) Polearms
 + Level 3.4 Throwing
 + Level 8.1 Armour
 + Level 6.5 Dodging
 - Level 4.0 Shields
 + Level 4.2 Invocations
 - Level 0.1 Evocations


You had 12 spell levels left.
You didn't know any spells.
Your spell library contained the following spells:

 Spells                   Type           Power        Failure   Level  Hunger
 Animate Skeleton         Necr           N/A          28%         1    ##.....
 Apportation              Tloc           #.....       28%         1    ##.....
 Corona                   Hex            #......      28%         1    ##.....
 Summon Small Mammal      Summ           #...         28%         1    ##.....


Dungeon Overview and Level Annotations

Branches:
Dungeon (13/15)            Temple (0/1) D:4            Lair (0/6) D:11
    Orc (0/2) D:10         Vaults (0/5) D:13

Altars:
Ashenzari
Cheibriados
Hepliaklqana
Kikubaaqudgha
Nemelex Xobeh
Qazlal
Trog
Xom
Yredelemnul
Zin

Shops:
D:7 =*   D:11 *   D:13 ((*

Annotations:
D:5 exclusions: electric eel and 5 more exclusions


Message History

The vault guard easily resists.
The vault guard looks frightened!
The vault guard resists with almost no effort.
The crocodile looks frightened!
The vault guard hits you but does no damage.
You puncture the vault guard! You freeze the vault guard.
The vault guard is severely wounded.
The vault guard hits you but does no damage.
You hit the vault guard but do no damage.
The vault guard is severely wounded.
The vault guard hits you with a +0 great mace!
* * * LOW HITPOINT WARNING * * *
Throwing (i - inventory. (/) - cycle)
e - 37 poisoned darts (quivered)
Press: ? - help, Shift-Dir - straight line, f/p - vault guard
Aim: a vault guard, wielding a +3 dire flail and wearing a +0 plate armour (fleeing)
You throw a poisoned dart. The poisoned dart hits the vault guard.
The vault guard is poisoned.
The vault guard is severely wounded.
The vault guard yells at you, "GO AWAY!"
The vault guard hits you from afar with a +0 bardiche!!
You die...

#.# #.###..#.)#)#....).#.
#.# #.......)....>.....##
#.########......)#########.
#∩......##.(...### #.
#.......###....## ####.
#.......####....#######....
#..................<....##.
#.......###........######..
#...pp..pp♣...<.........÷÷.
#.......p#####.###.∩.#####.
### ##........# #.#
#...#####. ....#......[..#
#.....#.......
..........pt...#
#####...###...
...............# ##..# #...
.............### #..# #...
...######.#### #..# #...
... #.# #........


You could see 6 vault guards and a crocodile (fleeing).

Vanquished Creatures
  2 vault guards (D:13)
  A centaur warrior (D:13)
  4 unseen horrors
  A wolf spider zombie (D:10)
  An ugly thing (D:12)
  A cyclops (D:12)
  A deep elf mage (D:13)
  A centaur zombie (D:13)
  2 gargoyles
  Joseph (D:10)
  A kobold demonologist (D:12)
  2 trolls (D:12)
  6 slime creatures (D:13)
  A meliai zombie (D:13)
  4 hippogriffs
  3 shadows (D:13)
  2 wraiths
  22 yaks
  A basilisk (D:8)
  2 steam dragons (D:10)
  A wyvern (D:12)
  Edmund (D:5)
  Duvessa (D:5)
  3 orc warriors
  5 ice beasts
  3 phantoms
  2 eyes of draining
  3 sky beasts
  4 ogres
  A necrophage (D:13)
  8 centaurs
  2 crocodiles
  2 big kobolds
  11 bullfrogs
  A gnoll sergeant (D:13)
  Dowan (D:5)
  11 scorpions
  21 killer bees
  24 wights
  2 crimson imps
  A howler monkey (D:9)
  A bullfrog zombie (D:9)
  A quasit (D:7)
  4 orc priests
  A centaur skeleton (D:7)
  6 hounds
  6 jellies
  13 orc wizards
  3 bullfrog skeletons
  2 iguanas (D:9)
  12 worker ants
  A hound skeleton (D:9)
  Robin (D:3)
  8 gnolls
  11 adders
  3 shadow imps
  6 oozes
  2 adder skeletons
  2 worms (D:2)
  A dart slug (D:4)
  3 leopard geckos
  38 orcs
  5 bats
  7 giant cockroaches
  12 goblins
  9 hobgoblins
  14 jackals
  12 kobolds
  7 quokkas
  A ball python (D:5)
  2 frilled lizards
  A quokka skeleton (D:9)
  8 rats
370 creatures vanquished.

Vanquished Creatures (others)
  A fungus (D:10)
1 creature vanquished.

Grand Total: 371 creatures vanquished

Notes
Turn   | Place    | Note
-------+----------+-------------------------------------------
     0 | Abyss:1  | Gabide the Human Abyssal Knight began the quest for the
                  | Orb.
     0 | Abyss:1  | Reached XP level 1. HP: 18/18 MP: 2/2
    51 | Abyss:1  | Noticed a thrashing horror
    53 | D:1      | Escaped the Abyss
   537 | D:1      | Reached * piety under Lugonu
   537 | D:1      | Reached XP level 2. HP: 24/24 MP: 3/3
  1074 | D:2      | Reached XP level 3. HP: 28/29 MP: 4/4
  1473 | D:2      | Reached XP level 4. HP: 37/37 MP: 5/5
  1764 | D:3      | Reached ** piety under Lugonu
  1780 | D:3      | Reached skill level 3 in Polearms
  2004 | D:3      | Noticed Robin
  2023 | D:3      | Reached XP level 5. HP: 27/42 MP: 6/6
  2044 | D:3      | Killed Robin
  2441 | D:4      | Found a staircase to the Ecumenical Temple.
  2661 | D:4      | Found a snail-covered altar of Cheibriados.
  2677 | D:4      | Reached XP level 6. HP: 48/48 MP: 8/8
  2924 | D:4      | Noticed a phantom
  2970 | D:4      | Killed a phantom
  2970 | D:4      | Reached skill level 4 in Polearms
  3277 | D:5      | Entered Level 5 of the Dungeon
  3422 | D:5      | Noticed a sky beast
  3434 | D:5      | Killed a sky beast
  3434 | D:5      | Reached *** piety under Lugonu
  3434 | D:5      | Reached skill level 1 in Throwing
  3434 | D:5      | Reached XP level 7. HP: 37/54 MP: 9/9
  3647 | D:5      | Noticed Duvessa
  3647 | D:5      | Noticed Dowan
  3656 | D:5      | Killed Duvessa
  3662 | D:5      | Killed Dowan
  3875 | D:5      | Noticed Edmund
  3897 | D:5      | Killed Edmund
  3897 | D:5      | Reached skill level 5 in Polearms
  3897 | D:5      | Reached XP level 8. HP: 49/61 MP: 9/11
  4187 | D:5      | Reached skill level 1 in Maces & Flails
  5396 | D:5      | Reached skill level 1 in Axes
  5831 | D:6      | You fall into a shaft and drop 1 floor!
  5838 | D:7      | Reached skill level 5 in Fighting
  6099 | D:7      | Found a sparkling altar of Nemelex Xobeh.
  6145 | D:7      | Reached XP level 9. HP: 50/68 MP: 12/12
  6154 | D:7      | Reached skill level 5 in Armour
  6294 | D:7      | Found Wodial's Mayhem Merchandise.
  6315 | D:7      | Reached skill level 5 in Axes
  6672 | D:7      | Reached **** piety under Lugonu
  6701 | D:7      | Found Laschor's Jewellery Shoppe.
  7693 | D:8      | Reached skill level 6 in Polearms
  8339 | D:8      | Noticed a hippogriff
  8345 | D:8      | Killed a hippogriff
  8381 | D:8      | Reached skill level 7 in Polearms
  8381 | D:8      | Reached XP level 10. HP: 53/76 MP: 13/13
  9303 | D:9      | Reached skill level 8 in Polearms
  9373 | D:9      | Reached ***** piety under Lugonu
  9815 | D:9      | Reached skill level 9 in Polearms
  9850 | D:9      | Found a bloodstained altar of Trog.
  9851 | D:9      | Found an ancient bone altar of Kikubaaqudgha.
  9851 | D:9      | Found a shattered altar of Ashenzari.
  9852 | D:9      | Found a basalt altar of Yredelemnul.
  9852 | D:9      | Found a glowing silver altar of Zin.
  9854 | D:9      | Found a shimmering altar of Xom.
  9963 | D:9      | Found a stormy altar of Qazlal.
 10144 | D:9      | Got a transparent buckler
 10169 | D:9      | Identified the cursed +0 buckler of Knowledge {-Tele Int+2
                  | Slay+3} (You found it on level 9 of the Dungeon)
 10172 | D:10     | Entered Level 10 of the Dungeon
 10371 | D:10     | Found a hazy altar of Hepliaklqana.
 10593 | D:10     | Reached XP level 11. HP: 47/84 MP: 14/14
 10794 | D:10     | Found a staircase to the Orcish Mines.
 10849 | D:10     | Noticed an unseen horror
 10853 | D:10     | Killed an unseen horror
 10853 | D:10     | Reached skill level 10 in Polearms
 10853 | D:10     | Reached skill level 5 in Dodging
 10865 | D:10     | Noticed Joseph
 10898 | D:10     | Killed Joseph
 11378 | D:10     | Noticed an unseen horror
 11382 | D:10     | Killed an unseen horror
 11382 | D:10     | Reached skill level 1 in Shields
 11484 | D:11     | Reached skill level 11 in Polearms
 11813 | D:11     | Found a staircase to the Lair.
 11865 | D:11     | Found Qiakewk's Assorted Antiques.
 12234 | D:11     | Noticed an unseen horror
 12243 | D:11     | Killed an unseen horror
 12243 | D:11     | Reached XP level 12. HP: 81/92 MP: 15/15
 13040 | D:12     | Reached skill level 12 in Polearms
 13671 | D:12     | Reached ****** piety under Lugonu
 13815 | D:12     | Noticed an unseen horror
 13825 | D:12     | Killed an unseen horror
 14273 | D:13     | Found Feisiuti's Weapon Shop.
 14300 | D:13     | Got a slimy long sword
 14365 | D:13     | Noticed a centaur warrior
 14375 | D:13     | Killed a centaur warrior
 14631 | D:13     | Reached skill level 13 in Polearms
 14649 | D:13     | Reached XP level 13. HP: 68/101 MP: 16/16
 14803 | D:13     | Found Kaydioh's Assorted Antiques.
 14975 | D:13     | Found Oxink's Weapon Shop.
 14994 | D:13     | Noticed a vault guard
 14994 | D:13     | Noticed a vault guard
 14994 | D:13     | Noticed a vault guard
 14995 | D:13     | Found a gate to the Vaults.
 14995 | D:13     | Noticed a vault guard
 14995 | D:13     | Noticed a vault guard
 14996 | D:13     | Noticed a vault guard
 14997 | D:13     | Noticed a vault guard
 14997 | D:13     | Noticed a vault guard
 15026 | D:13     | Killed a vault guard
 15045 | D:13     | Killed a vault guard
 15063 | D:13     | Slain by a vault guard

Illustrated notes

Levels and vault maps discovered:
D:1:      dpeg_arrival_tiny_b, layout_loops_cross
D:2:      layout_rooms, minmay_splitting_lines
D:3:      layout_basic, uniq_robin
D:4:      layout_rooms, nicolae_overflow_crystal_walls, minmay_temple_entry_tees
D:5:      cheibrodos_two_vegetables, layout_basic, first_ration, minivault_25,
          uniq_duvessa, uniq_edmund
D:6:      layout_loops_ring, serial_shops, nicolae_shop_stone,
          makhleb_heckhound_becter
D:7:      layout_basic, serial_shops, nicolae_shop_statue_plus, basic_altar,
          minmay_shop_mayhem, st_stairs_10
D:8:      layout_basic, hangedman_little_slice_of_home, chequers_garden
D:9:      layout_rooms, minitemple, nicolae_qazlal_eye_of_the_storm
D:10:     kennysheep_steamy, layout_irregular_city,
          minmay_orc_entry_temple_small, serial_column_ruins, column_ruins_hut,
          column_ruins_temple_hall, column_ruins_grid_1, column_ruins_grid_1,
          column_ruins_columns_corner, column_ruins_corridor_straight,
          uniq_joseph
D:11:     layout_loops_ring, lair_entry_dummy, serial_shops, nicolae_shop_trees
D:12:     layout_roguey, gauntlet_entry_generic
D:13:     layout_rooms, erik_vaults_2, basic_altar, serial_shops,
          nicolae_shop_window_shopping, shop, nicolae_shop_stone, shop, shop,
          minmay_hollow_rounded_squares

Skill      XL: |  1  2  3  4  5  6  7  8  9 10 11 12 |
---------------+-------------------------------------+-----
Polearms       | 3 4 5 7 9 11 13 | 13.7
Fighting       | 4 5 7 8 9 |  9.7
Armour         | 3 4 6 7 8 |  8.1
Invocations    | 3 4 |  4.2
Throwing       | 1 2 3 |  3.4
Maces & Flails | 1 |  1.6
Dodging        | 2 3 4 5 6 |  6.5
Axes           | 3 5 |  5.2
Shields        | 2 4 |  4.0
Evocations     | |  0.1

Action                   |  1- 3 |  4- 6 |  7- 9 | 10-12 | 13-15 || total
-------------------------+-------+-------+-------+-------+-------++-------
Melee: Spear             |    82 |   224 |    43 |       |       ||   349
       Battleaxe         |       |       |    89 |       |       ||    89
       Dire flail        |       |       |    46 |       |       ||    46
       Halberd           |       |       |   112 |   314 |       ||   426
       Trident           |       |       |       |   544 |   126 ||   670
Throw: Dart              |       |     7 |     9 |    24 |     1 ||    41
       Boomerang         |       |    14 |     2 |       |       ||    16
       Throwing net      |       |       |     2 |     1 |       ||     3
Invok: Depart the Abyss  |     1 |       |       |       |       ||     1
       Bend Space        |       |       |     2 |       |       ||     2
Evoke: Wand              |       |       |     3 |     2 |     1 ||     6
  Use: Scroll            |     4 |    10 |    12 |    10 |     1 ||    37
       Potion            |       |     2 |     3 |    11 |     1 ||    17
 Stab: Paralysed         |       |       |     8 |     2 |     5 ||    15
  Eat: Chunk             |     2 |     6 |     9 |    14 |     2 ||    33
       Ration            |       |       |     2 |     2 |       ||     4
Armor: Leather armour    |     6 |       |       |       |       ||     6
       Chain mail        |    21 |    66 |       |       |       ||    87
       Plate armour      |       |    36 |       |       |       ||    36
       Ring mail         |       |    11 |   131 |   295 |    13 ||   450
       Skin              |       |       |       |     4 |     6 ||    10
Dodge: Dodged            |    28 |    57 |   199 |   395 |    19 ||   698
Block: Buckler           |       |       |       |    57 |     9 ||    66
